AoeStats
← KaLong

Fortress

507421314Analyzed
4v4 RM · 15d ago on Sep 18, 2026· 32m 5s· 8 players
Game mode
Random Map
Map size
Huge
Population
200
Speed
Normal
Resources
Standard
Victory
Conquest
Starting age
Dark Age
Ending age
Imperial Age
RankedLock teamsTeams togetherTeam positionsShared explorationLock speedFull tech treeHidden civsTurbo modeCheats
Victory
Defeat
🇨🇳 Britons · China
1683
+13
🇺🇸 Mongols · United States
1680
+14
🇨🇳 Persians · China
1679
+14
🇯🇵 Koreans · Japan
1627
+16
🇺🇸 Spanish · United States
1688
-17
🇺🇸 Mongols · United States
1652
-15
🇭🇰 Wu · Hong Kong SAR China
1645
-15
🇺🇸 Georgians · United States
1516
-10
KaLong
8:31 Feudal Age
13:03 Castle Age
10:57 Double-Bit Axe
10:55 Horse Collar
12:09 Gold Mining
12:09 Stone Mining
14:42 Forging
14:37 Scale Barding Armor
15:22 Scale Mail Armor
19:03 Chain Barding Armor
19:07 Loom
23:43 Husbandry
24:59 Bloodlines
BomBomB0
7:04 Feudal Age
7:17 Feudal Age
11:02 Castle Age
11:38 Double-Bit Axe
12:30 Bow Saw
19:31 Wheelbarrow
18:42 Town Watch
20:07 Gold Mining
20:43 Hand Cart
20:12 Horse Collar
20:56 Heavy Plow
21:29 Loom
22:33 Gold Shaft Mining
25:34 Imperial Age
23:34 Forging
23:30 Scale Barding Armor
23:51 Stone Mining
26:04 Iron Casting
25:50 Chain Barding Armor
25:31 Husbandry
25:42 Bloodlines
25:39 Light Cavalry
25:40 Heavy Camel Rider
25:46 Capped Ram
26:57 Drill
29:46 Blast Furnace
31:11 Fletching
32:36 Stone Shaft Mining
31:25 Siege Ram
嗚
7:46 Feudal Age
8:13 Feudal Age
9:01 Double-Bit Axe
11:51 Castle Age
9:45 Horse Collar
12:51 Bow Saw
13:21 Wheelbarrow
18:23 Loom
19:49 Caravan
20:25 Hand Cart
25:48 Imperial Age
24:22 Scale Barding Armor
24:27 Forging
26:00 Bloodlines
25:50 Husbandry
26:13 Chain Barding Armor
26:57 Conscription
26:02 Cavalier
26:59 Guilds
27:29 Plate Barding Armor
27:06 Fortified Wall
28:13 Two-Man Saw
28:46 Iron Casting
30:18 Light Cavalry
31:10 Paladin
32:35 Coinage
33:07 Blast Furnace
Morris=w=
6:52 Feudal Age
10:41 Castle Age
10:17 Double-Bit Axe
11:46 Bow Saw
11:30 Loom
11:56 Scale Mail Armor
16:15 Squires
17:49 Chain Mail Armor
23:01 Wheelbarrow
22:10 Horse Collar
26:18 Fletching
27:09 Stone Mining
27:43 Bodkin Arrow
28:34 Padded Archer Armor
28:45 Town Watch
29:03 Gold Mining
30:03 Ballistics
34:17 Imperial Age
うーぺー
8:58 Feudal Age
10:50 Double-Bit Axe
13:28 Castle Age
11:28 Horse Collar
12:03 Gold Mining
13:29 Wheelbarrow
14:40 Bow Saw
17:15 Gold Shaft Mining
16:48 Fletching
17:25 Loom
18:37 Ballistics
19:07 Bodkin Arrow
23:21 Husbandry
23:53 Thumb Ring
29:49 Hand Cart
34:29 Imperial Age
十大地方
7:50 Feudal Age
8:38 Double-Bit Axe
11:37 Castle Age
9:27 Horse Collar
13:00 Bow Saw
13:28 Heavy Plow
13:56 Loom
16:19 Loom
16:25 Town Watch
21:13 Husbandry
22:13 Wheelbarrow
22:22 Stone Mining
22:51 Gold Mining
23:58 Hand Cart
27:58 Imperial Age
26:07 Bloodlines
26:05 Scale Barding Armor
26:10 Forging
27:02 Gold Shaft Mining
27:06 Chain Barding Armor
27:09 Fletching
27:41 Cavalier
29:00 Conscription
28:16 Light Cavalry
28:55 Heavy Camel Rider
30:18 Iron Casting
29:12 Savar
29:54 Hussar
31:17 Crop Rotation
30:32 Elite War Elephant
32:04 Plate Barding Armor
32:43 Blast Furnace
YYQ
7:37 Feudal Age
11:29 Castle Age
10:00 Double-Bit Axe
9:56 Horse Collar
12:44 Bow Saw
12:35 Heavy Plow
15:32 Loom
18:25 Fletching
19:40 Wheelbarrow
21:25 Town Watch
22:28 Fletching
29:24 Imperial Age
27:05 Bodkin Arrow
27:03 Gold Mining
27:54 Padded Archer Armor
28:19 Ballistics
28:25 Stone Mining
28:53 Leather Archer Armor
29:45 Gold Shaft Mining
29:43 Hand Cart
30:08 Bracer
31:09 Chemistry
30:26 Treadmill Crane
31:17 Conscription
31:01 Elite Longbowman
32:54 Two-Man Saw
32:53 Conscription
Lastmantillidie
6:50 Feudal Age
10:58 Castle Age
9:10 Double-Bit Axe
9:25 Horse Collar
12:10 Bow Saw
18:35 Wheelbarrow
18:07 Heavy Plow
19:47 Loom
20:18 Stone Mining
20:19 Gold Mining
21:51 Hand Cart
22:09 Gold Mining
24:08 Fervor
26:47 Imperial Age
25:30 Gold Shaft Mining
24:54 Fletching
25:14 Padded Archer Armor
26:47 Bodkin Arrow
27:07 Leather Archer Armor
27:40 Ballistics
28:30 Chemistry
26:57 Elite Mangudai
28:04 Conscription
28:16 Bloodlines
28:07 Husbandry
28:13 Thumb Ring
28:42 Bracer
28:56 Capped Ram
30:08 Drill
30:00 Siege Ram
31:55 Town Watch
32:17 Scale Barding Armor
32:23 Forging
32:57 Stone Shaft Mining
Connection lost

Rejoining the realm…

Still unreachable

The connection could not be restored.

Session expired

The server has moved on; the page needs a fresh start.